 Dungeon Crawl Stone Soup version 0.25-a0-558-g78a2afb0af (webtiles) character file.

Game seed: 18359115425558407075, levelgen mode: deterministic

217 Emblim88 the Shield-Bearer (level 5, -1/47 HPs)
             Began as a Gnoll Fighter on Feb 25, 2020.
             Killed by divine providence
             ... invoked by an orc priest
              (12 damage)
             ... on level 3 of the Dungeon.
             The game lasted 00:05:33 (3271 turns).

Emblim88 the Shield-Bearer (Gnoll Fighter)          Turns: 3271, Time: 00:05:34

Health: -1/47      AC:  9    Str: 20    XL:     5   Next: 94%
Magic:  7/7        EV:  9    Int: 14    God:
Gold:   201        SH: 11    Dex: 14    Spells: 7/7 levels left

rFire    . . .     SeeInvis +   a - +0 long sword
rCold    . . .     Gourm    .   c - +0 kite shield
rNeg     . . .     Faith    .   b - +0 scale mail
rPois    .         Spirit   .   (no helmet)
rElec    .         Reflect  .   (no cloak)
rCorr    .         Harm     .   (no gloves)
MR       .....                  w - +0 pair of boots
Stlth    +.........             (no amulet)
HPRegen  0.15/turn              t - +4 ring of intelligence (curse)
MPRegen  0.10/turn              x - ring of see invisible (curse)

@: no status effects
A: distributed training, fangs 1, strong nose
a: no special abilities


You were on level 3 of the Dungeon.
You were near starving.

You visited 1 branch of the dungeon, and saw 3 of its levels.

You collected 201 gold pieces.

Inventory:

Hand Weapons
 a - a +0 long sword (weapon)
 g - a +0 hunting sling
 i - a +2 rapier of draining
Missiles
 h - 137 stones
 m - 5 javelins (quivered)
Armour
 b - a +0 scale mail (worn)
 c - a +0 kite shield (worn)
 o - a +0 scale mail
 w - a +0 pair of boots (worn)
Jewellery
 t - a cursed +4 ring of intelligence (left hand)
 x - a cursed ring of see invisible (right hand)
Scrolls
 e - 2 scrolls of magic mapping {unknown}
 r - 2 scrolls of remove curse
 u - 2 scrolls of identify
Potions
 j - a potion of resistance {unknown}
 k - a potion of magic {unknown}
 l - 4 potions of curing
 q - a potion of stabbing {unknown}
 s - a potion of invisibility {unknown}
 v - a potion of brilliance {unknown}
 z - a potion of heal wounds {unknown}
Comestibles
 f - 8 rations


   Skills:
 + Level 6.7 Fighting
 + Level 1.6 Short Blades
 + Level 4.8 Long Blades
 + Level 1.6 Axes
 + Level 1.6 Maces & Flails
 + Level 1.6 Polearms
 + Level 1.6 Staves
 + Level 1.6 Slings
 + Level 1.6 Bows
 + Level 1.6 Crossbows
 + Level 1.6 Throwing
 + Level 6.7 Armour
 + Level 1.6 Dodging
 + Level 1.6 Stealth
 + Level 6.7 Shields
 + Level 1.6 Unarmed Combat
 + Level 1.6 Spellcasting
 + Level 1.3 Conjurations
 + Level 1.3 Hexes
 + Level 1.3 Charms
 + Level 1.3 Summonings
 + Level 1.3 Necromancy
 + Level 1.3 Translocations
 + Level 1.3 Transmutations
 + Level 1.3 Fire Magic
 + Level 1.3 Ice Magic
 + Level 1.3 Air Magic
 + Level 1.3 Earth Magic
 + Level 1.3 Poison Magic
 + Level 1.9 Invocations
 + Level 1.6 Evocations


You had 7 spell levels left.
You didn't know any spells.
Your spell library was empty.

Dungeon Overview and Level Annotations

Branches:
Dungeon (3/15)

Altars:


Innate Abilities, Weirdness & Mutations

Your experience applies equally to all skills.
You have very sharp teeth.
Your uncanny sense of smell can sniff out nearby items.


Message History

Pain shoots through your body! The orc priest barely misses you.
The orc priest hits you but does no damage.
You hit the orc priest but do no damage.
Your bite misses the orc priest.
The orc priest is severely wounded.
The orc priest calls down the wrath of Beogh upon you.
Beogh smites you!
* * * LOW HITPOINT WARNING * * *
The orc priest hits you but does no damage. x2
You hit the orc priest but do no damage.
The orc priest is severely wounded.
You block the orc priest's attack. x2
The orc priest hits you from afar with a +0 trident.
* * * LOW HITPOINT WARNING * * *
Unknown command.
You closely miss the orc priest.
The orc priest is severely wounded.
The orc priest calls down the wrath of Beogh upon you.
Beogh smites you!
You die...

#....)....o..o..###...
####.########.#.# ###.
#.# #. #. #.# #. ###>
#####.##### ##+#. [..
#.........###...## ###.
#.###..##.##.....## ##
#.#....##.#.......## #
#.#...@##..........####
#......ooo.........'...
#......##..........####
#.........#.......## #
####.#######.....## #
#.# ##...## # #.# ##'##
# #.# #.# # ###.####
#.# #


You could see 3 orc priests.

Vanquished Creatures
  A bullfrog (D:3)
  A hound (D:2)
  An orc wizard (D:3)
  3 gnolls (D:3)
  An adder (D:3)
  2 oozes
  A worm (D:2)
  A dart slug (D:2)
  6 leopard geckos
  An orc (D:3)
  2 giant cockroaches
  4 goblins
  5 hobgoblins
  7 kobolds
  2 quokkas
  7 bats
  A frilled lizard (D:1)
  3 rats
49 creatures vanquished.

Notes
Turn   | Place    | Note
-------+----------+-------------------------------------------
     0 | D:1      | Emblim88 the Gnoll Fighter began the quest for the Orb.
     0 | D:1      | Reached XP level 1. HP: 23/23 MP: 1/1
   187 | D:1      | Reached XP level 2. HP: 29/29 MP: 2/2
   371 | D:1      | You fall into a shaft and drop 1 floor!
   405 | D:2      | Reached skill level 1 in Invocations
   405 | D:2      | Reached XP level 3. HP: 27/35 MP: 2/4
   760 | D:1      | Reached skill level 1 in Short Blades
   760 | D:1      | Reached skill level 1 in Axes
   760 | D:1      | Reached skill level 1 in Maces & Flails
   760 | D:1      | Reached skill level 1 in Polearms
   760 | D:1      | Reached skill level 1 in Staves
   760 | D:1      | Reached skill level 1 in Slings
   760 | D:1      | Reached skill level 1 in Bows
   760 | D:1      | Reached skill level 1 in Crossbows
   760 | D:1      | Reached skill level 1 in Throwing
   760 | D:1      | Reached skill level 1 in Dodging
   760 | D:1      | Reached skill level 1 in Stealth
   760 | D:1      | Reached skill level 1 in Unarmed Combat
   760 | D:1      | Reached skill level 1 in Spellcasting
   760 | D:1      | Reached skill level 1 in Evocations
  1268 | D:2      | Reached XP level 4. HP: 41/41 MP: 5/5
  1375 | D:2      | Found a faded altar of an unknown god.
  1811 | D:3      | Reached skill level 1 in Conjurations
  1811 | D:3      | Reached skill level 1 in Hexes
  1811 | D:3      | Reached skill level 1 in Charms
  1811 | D:3      | Reached skill level 1 in Summonings
  1811 | D:3      | Reached skill level 1 in Necromancy
  1811 | D:3      | Reached skill level 1 in Translocations
  1811 | D:3      | Reached skill level 1 in Transmutations
  1811 | D:3      | Reached skill level 1 in Fire Magic
  1811 | D:3      | Reached skill level 1 in Ice Magic
  1811 | D:3      | Reached skill level 1 in Air Magic
  1811 | D:3      | Reached skill level 1 in Earth Magic
  1811 | D:3      | Reached skill level 1 in Poison Magic
  2282 | D:3      | Noticed a bullfrog
  2291 | D:3      | Killed a bullfrog
  2291 | D:3      | Reached XP level 5. HP: 19/47 MP: 5/7
  3271 | D:3      | Killed from afar by an orc priest

Levels and vault maps discovered:
D:1:      lemuel_arrival_cross, layout_basic, serial_co_window_serial,
          co_window_corner_a, co_window_of_opportunity_a, co_window_paths_b,
          co_window_corner_a, co_window_paths_a, co_window_paths_b,
          co_window_broadway_a, co_window_cross_2, co_window_of_opportunity_b,
          co_window_broadway_b, co_window_broadway_a, glass_columns_a,
          glass_columns_a, glass_columns_a, glass_columns_b, glass_columns_a,
          hangedman_decor_clover_reticule, minmay_close_crescents
D:2:      layout_rooms, chequers_ecumenical_altar_grove, first_ration
D:3:      layout_loops_corners

Skill      XL: |  1  2  3  4 |
---------------+-------------+-----
Invocations    | 1 |  1.9
Short Blades   | 1 |  1.6
Axes           | 1 |  1.6
Maces & Flails | 1 |  1.6
Polearms       | 1 |  1.6
Staves         | 1 |  1.6
Slings         | 1 |  1.6
Bows           | 1 |  1.6
Crossbows      | 1 |  1.6
Throwing       | 1 |  1.6
Dodging        | 1 |  1.6
Stealth        | 1 |  1.6
Unarmed Combat | 1 |  1.6
Spellcasting   | 1 |  1.6
Evocations     | 1 |  1.6
Conjurations   | 1 |  1.3
Hexes          | 1 |  1.3
Charms         | 1 |  1.3
Summonings     | 1 |  1.3
Necromancy     | 1 |  1.3
Translocations | 1 |  1.3
Transmutations | 1 |  1.3
Fire Magic     | 1 |  1.3
Ice Magic      | 1 |  1.3
Air Magic      | 1 |  1.3
Earth Magic    | 1 |  1.3
Poison Magic   | 1 |  1.3
Fighting       | |  6.7
Long Blades    | |  4.8
Armour         | |  6.7
Shields        | |  6.7

Action                   |  1- 3 |  4- 6 || total
-------------------------+-------+-------++-------
Melee: Long sword        |    77 |    94 ||   171
       Bite              |     7 |    19 ||    26
 Fire: Hunting sling     |     5 |     7 ||    12
Throw: Javelin           |       |     3 ||     3
  Use: Scroll            |     5 |     3 ||     8
       Potion            |       |     1 ||     1
  Eat: Chunk             |     1 |     5 ||     6
Armor: Scale mail        |    41 |    40 ||    81
Dodge: Dodged            |    29 |    26 ||    55
Block: Kite shield       |    61 |    70 ||   131
       Rpst.: Long sword |    10 |    11 ||    21

Table legend:
 A = Non-vault XP
 B = Vault XP
 C = Vault XP percentage of total XP
 D = Non-vault monster count
 E = Vault monster count
 F = Vault count percentage of total count
                 A         B        C        D         E       F
            +---------+---------+-------+---------+---------+-------
      Total |     305 |       5 |   1.6 |      46 |       3 |   6.1
            +---------+---------+-------+---------+---------+-------
        D:1 |      23 |       5 |  17.9 |      12 |       3 |  20.0
        D:2 |      68 |       0 |   0.0 |      10 |       0 |   0.0
        D:3 |     214 |       0 |   0.0 |      24 |       0 |   0.0
            +---------+---------+-------+---------+---------+-------
